 Dungeon Crawl Stone Soup version 0.31.0 (webtiles) character file.

Game seed: 15754202711487621079

5 SnakkuSnakku7 the Chopper (level 1, -2/18 HPs)
             Began as a Formicid Cinder Acolyte on Jan 20, 2024.
             Was a High Priest of Ignis.
             Slain by a quokka (3 damage)
             ... on level 1 of the Dungeon.
             The game lasted 00:00:20 (297 turns).

SnakkuSnakku7 the Chopper (Formicid Cinder Acolyte)  Turns: 297, Time: 00:00:21

Health: -2/18      AC:  2    Str: 18    XL:     1   Next: 88%
Magic:  2/2        EV: 11    Int: 13    God:    Ignis [*****.]
Gold:   3          SH:  0    Dex:  9    Spells: 2/2 levels left

rFire   + . .        a - -1 hand axe (flame)
rCold   . . .        (no shield)
rNeg    . . .        b - +0 robe
rPois   .            (helmet unavailable)
rElec   .            (no cloak)
rCorr   .            (no gloves)
SInv    +            (no boots)
Will    .....        (no amulet)
Stlth   +            (no ring)
HPRegen 0.23/turn    (no ring)
MPRegen 0.08/turn

%: no passive effects
@: no status effects
A: permanent stasis, dig shafts and tunnels, antennae 3, four strong arms
a: Dig, Shaft Self, Renounce Religion, Fiery Armour, Foxfire Swarm, Rising Flame


You were on level 1 of the Dungeon.
You worshipped Ignis.
Ignis was extremely pleased with you.
You visited 1 branch of the dungeon, and saw 1 of its levels.

You collected 3 gold pieces.

Inventory:

Hand Weapons
 a - a -1 hand axe of flaming (weapon)
Armour
 b - a +0 robe (worn)
Scrolls
 e - a scroll of identify {unknown}
 f - a scroll of brand weapon {unknown}
 h - a scroll of amnesia {unknown}
 i - a scroll of poison {unknown}
Potions
 c - a potion of invisibility {unknown}
 d - a potion of degeneration {unknown}
 g - a potion of might {unknown}


   Skills:
 - Level 3.2 Fighting
 + Level 3.4 Axes
 - Level 1.1 Spellcasting
 - Level 3.0 Fire Magic


You had 2 spell levels left.
You didn't know any spells.
Your spell library contained the following spells:

 Spells                   Type           Power      Damage    Failure   Level
 Scorch                   Fire           16%        2d5       12%         2


Dungeon Overview and Level Annotations

Branches:
Dungeon (1/15)

Altars:


Innate Abilities, Weirdness & Mutations

You cannot be hasted, slowed, berserked, paralysed or teleported.
You can dig through walls and to a lower floor.
You have a pair of large antennae on your head. (SInv)
Your four strong arms can wield two-handed weapons with a shield.


Message History

The quokka moves out of view.
You now have 3 gold pieces.
A quokka is nearby!
A quokka is nearby!
The quokka closely misses you. The quokka bites you. x2
You miss the quokka. The quokka closely misses you.
You closely miss the quokka. The quokka misses you.
You hit the quokka. You burn the quokka.
The quokka is moderately wounded.
The quokka barely misses you. The quokka misses you.
You hit the quokka. You burn the quokka.
The quokka is almost dead.
The quokka closely misses you.
You barely miss the quokka.
The quokka is almost dead.
The quokka bites you but does no damage.
You closely miss the quokka.
The quokka is almost dead.
The quokka bites you. The quokka closely misses you.
You barely miss the quokka.
The quokka is severely wounded.
The quokka bites you.
You closely miss the quokka.
The quokka is severely wounded.
The quokka bites you but does no damage.
The quokka bites you.
You hit the quokka but do no damage.
The quokka is severely wounded.
The quokka misses you.
You miss the quokka.
The quokka is severely wounded.
The quokka bites you.
* * * LOW HITPOINT WARNING * * *
You completely miss the quokka.
The quokka is severely wounded.
The quokka bites you.
* * * LOW HITPOINT WARNING * * *
The quokka bites you.
You die...

### #.. #.#
#.##### # #.#...#
#.#.#...#######
#..@...........
###r#...######
#.####....# {
#.####....#######
#.##.........##..
#....#....##.##.#
####.#....##.##.##
# #....##.##.##
#######......


You could see a quokka.

Vanquished Creatures
  A bat (D:1)
  An endoplasm (D:1)
  A goblin (D:1)
  A quokka (D:1)
4 creatures vanquished.

Notes
Turn   | Place    | Note
-------+----------+-------------------------------------------
     0 | D:1      | SnakkuSnakku7 the Formicid Cinder Acolyte began the quest
                  | for the Orb.
     0 | D:1      | Reached XP level 1. HP: 18/18 MP: 2/2
   297 | D:1      | Slain by a quokka

Illustrated notes

Levels and vault maps discovered:
D:1:      psy_arrival_whirlpool, layout_basic

Action                     || total
---------------------------++-------
  Melee: Hand axe          ||    20
Ability: Dig               ||     1
 Armour: Robe              ||    14
  Dodge: Dodged            ||    12
